AoeStats
← Harkcost

Arabia

510830707Analyzed
1v1 RM · 14h ago on Oct 2, 2026· 23m 56s· 2 players
Game mode
Random Map
Map size
Tiny (2 player)
Population
200
Speed
Normal
Resources
Standard
Victory
Conquest
Starting age
Dark Age
Ending age
Imperial Age
RankedLock teamsTeams togetherTeam positionsShared explorationLock speedFull tech treeHidden civsTurbo modeCheats
Victory
Defeat
🇲🇽 Tupi · Mexico
984
+14
🇦🇷 Dravidians · Argentina
946
-14
Gabyanimal
6:47 Loom
9:51 Feudal Age
12:57 Fletching
19:42 Castle Age
18:44 Double-Bit Axe
19:29 Padded Archer Armor
19:22 Town Watch
21:34 Crossbowman
Harkcost
10:13 Feudal Age
8:28 Loom
15:06 Castle Age
16:38 Fletching
Connection lost

Rejoining the realm…

Still unreachable

The connection could not be restored.

Session expired

The server has moved on; the page needs a fresh start.